 Dungeon Crawl Stone Soup version 0.30-a0-630-g881e3bac89 (webtiles) character file.

Game seed: 17450596919151451782

180 M4edhros the Charlatan (level 5, -1/35 HPs)
             Began as an Octopode Artificer on Jan 13, 2023.
             Slain by an ufetubus (2 damage)
             ... on level 5 of the Dungeon.
             The game lasted 00:01:17 (798 turns).

M4edhros the Charlatan (Octopode Artificer)          Turns: 798, Time: 00:01:18

Health: -1/35      AC:  1    Str: 11    XL:     5   Next: 60%
Magic:  14/14      EV: 14    Int: 14    God:
Gold:   52         SH:  0    Dex: 14    Spells: 4/4 levels left

rFire   . . .      SeeInvis .    a - +0 club
rCold   + . .      Faith    .    (no shield)
rNeg    . . .      Spirit   .    (helmet restricted)
rPois   .          Reflect  .    (no amulet)
rElec   .          Harm     .    i - ring of protection from cold
rCorr   .          Rampage  .    n - ring of magical power
Will    .....                    (no ring)
Stlth   +++                      (no ring)
HPRegen 0.25/turn                (no ring)
MPRegen 0.14/turn                (no ring)
                                 (no ring)
                                 (no ring)

@: no status effects
A: almost no armour, amphibious, 8 rings, camouflage 1, gelatinous body 1,
(nimble swimmer 1), tentacles
a: no special abilities


You were on level 5 of the Dungeon.
You visited 1 branch of the dungeon, and saw 5 of its levels.

You collected 52 gold pieces.

Inventory:

Hand Weapons
 a - a +0 club (weapon)
Missiles
 f - 2 javelins
Jewellery
 i - a ring of protection from cold (left tentacle)
 n - a ring of magical power (right tentacle)
Wands
 b - a wand of flame (15) (quivered)
 c - a wand of charming (12)
 d - a wand of iceblast (1)
Scrolls
 e - a scroll of blinking {unknown}
 g - a scroll of teleportation {unknown}
 j - a scroll of immolation {unknown}
 k - a scroll of fog {unknown}
 l - a scroll of noise {unknown}
Potions
 h - a potion of heal wounds {unknown}
 m - a potion of curing {unknown}


   Skills:
 + Level 2.6 Fighting
 + Level 3.5 Dodging
 + Level 3.9 Stealth
 + Level 4.4 Evocations


You had 4 spell levels left.
You didn't know any spells.
Your spell library was empty.

Dungeon Overview and Level Annotations

Branches:
Dungeon (5/15)
 Temple: D:4-7

Altars:


Innate Abilities, Weirdness & Mutations

You cannot wear most types of armour.
You are amphibious.
You can wear up to eight rings at the same time.
Your skin changes colour to match your surroundings (Stealth+).
Your rubbery body absorbs attacks. (AC +1, EV +1)
((You are camouflaged when in or above water. (Stealth+)))
You have tentacles for arms and can constrict up to eight enemies at once.


Message History

HP restored.
You see here an adder corpse.
An ufetubus comes into view.
A yak comes into view.
You see here 9 stones.
There are monsters nearby! 2 yaks come into view.
Found a scroll labelled GULESOANAG.
The yak bellows!
A yak comes into view.
There are monsters nearby! 2 yaks come into view.
The yak bellows!
The ufetubus shouts!
The yak bellows!
You hear a shout!
You see here a +0 spear.
There are monsters nearby!
The ufetubus hits you. The ufetubus barely misses you.
Aiming: Charm
Press: ? - help, Shift-Dir - straight line, f - yak
Aim: a yak (chance to affect: 60%)
The yak resists with significant effort.
The ufetubus hits you. The ufetubus closely misses you.
The ufetubus completely misses you. The ufetubus barely misses you.
The yak attacks as you move away! The yak misses you.
The yak attacks as you move away! The yak gores you! The ufetubus hits you. x2
The ufetubus attacks as you move away! The ufetubus hits you. x2
* * * LOW HITPOINT WARNING * * *
The yak attacks as you move away! The yak closely misses you.
The ufetubus hits you.
* * * LOW HITPOINT WARNING * * *
The ufetubus misses you. The ufetubus attacks as you move away!
The ufetubus closely misses you. The ufetubus hits you.
* * * LOW HITPOINT WARNING * * *
The ufetubus completely misses you. The ufetubus hits you.
* * * LOW HITPOINT WARNING * * *
Aiming: Charm
Press: ? - help, Shift-Dir - straight line, f/p - yak
Aim: a yak (chance to affect: 60%)
The ufetubus struggles to resist.
The ufetubus hits you.
You die...

. ##. # #.. #.. #.#
#.####.##. #
##...##.#.. .#..
##.....#.#.###.#...
##.......@#.#.......
#......Y5##.........
#.......Y##.........
##.#........Y........
#.................?..
#<#.......(.YY.......
#.......†...)........
####.....####.!......
##...## #........


You could see 2 yaks and an ufetubus.

Vanquished Creatures
  2 orc priests (D:3)
  An orc wizard (D:3)
  3 gnolls (D:2)
  4 adders
  An ufetubus (D:5)
  2 orcs (D:3)
  2 bats (D:3)
  An endoplasm (D:2)
  A giant cockroach (D:2)
  A goblin (D:2)
  3 hobgoblins
  A quokka (D:1)
  A ball python (D:1)
  A frilled lizard (D:2)
  4 kobolds
  2 rats
30 creatures vanquished.

Vanquished Creatures (others)
  A gnoll (D:2)
1 creature vanquished.

Grand Total: 31 creatures vanquished

Notes
Turn   | Place    | Note
-------+----------+-------------------------------------------
     0 | D:1      | M4edhros the Octopode Artificer began the quest for the
                  | Orb.
     0 | D:1      | Reached XP level 1. HP: 13/13 MP: 1/1
   172 | D:2      | Reached XP level 2. HP: 5/18 MP: 2/2
   173 | D:2      | Reached XP level 3. HP: 7/24 MP: 3/3
   343 | D:2      | Reached XP level 4. HP: 15/29 MP: 4/4
   504 | D:3      | Reached skill level 4 in Evocations
   508 | D:3      | Reached XP level 5. HP: 7/35 MP: 5/5
   702 | D:4      | Noticed a lemure
   704 | D:4      | Noticed a lemure
   704 | D:4      | Noticed a lemure
   714 | D:5      | Entered Level 5 of the Dungeon
   787 | D:5      | Noticed a yak
   788 | D:5      | Noticed a yak
   788 | D:5      | Noticed a yak
   788 | D:5      | Noticed a yak
   789 | D:5      | Noticed a yak
   789 | D:5      | Noticed a yak
   797 | D:5      | HP: 1/35 [ufetubus (2)]
   798 | D:5      | Slain by an ufetubus

Illustrated notes

Levels and vault maps discovered:
D:1:      psy_arrival_whirlpool, layout_basic
D:2:      layout_rooms, nicolae_figureground_pulse
D:3:      layout_loops_cross, nicolae_gozag_seed_capital,
          mainiacjoe_overflow_alcove_3, grunt_temple_overflow_open,
          serial_shops, shop, uniq_terence
D:4:      layout_cave_pools, grunt_dithmenos_smoke, tgw_xom, uniq_grinder,
          uniq_pikel, uniq_menkaure, uniq_robin
D:5:      layout_rooms, mainiacjoe_overflow_small_starburst,
          minmay_temple_entry_purple_smoke, serial_shops, shop_statue,
          grunt_ministairs_1

Skill      XL: |  1  2  3  4 |
---------------+-------------+-----
Stealth        | 2 3 |  3.9
Fighting       | 2 |  2.6
Dodging        | 3 |  3.5
Evocations     | 4 |  4.4

Action                   |  1- 3 |  4- 6 || total
-------------------------+-------+-------++-------
Melee: Club              |    34 |    29 ||    63
       Constrict         |    10 |    11 ||    21
       Tentacles         |     5 |     7 ||    12
       Punch             |       |     1 ||     1
Evoke: Wand              |     2 |     5 ||     7
 Stab: Sleeping          |     3 |     6 ||     9
Armor: Skin              |     5 |       ||     5
Dodge: Dodged            |    27 |    42 ||    69

Table legend: (Time is in decaauts)
 A = Elapsed time spent in this place.
 B = Non-inter-level travel time spent in this place.
 C = Inter-level travel time spent in this place.
 D = Time resting spent in this place.
 E = Time spent auto-exploring this place.
 F = Levels seen in this place.
 G = Mean time per level.
                   A        B        C        D        E       F      G
               +--------+--------+--------+--------+--------+-----+--------+
         Total |    815 |    814 |      1 |     72 |    499 |   5 |  163.0 |
       Dungeon |    815 |    814 |      1 |     72 |    499 |   5 |  163.0 |
               +--------+--------+--------+--------+--------+-----+--------+

Top non-repeatable levels by time:
     D:2: 303 daAuts
     D:3: 206 daAuts
     D:1: 160 daAuts
     D:5: 86 daAuts
     D:4: 58 daAuts
